 Dungeon Crawl Stone Soup version 0.28-a0-779-g3d1f99b579 (webtiles) character file.

Game seed: 13201126789362389527

886 ytrimaz the Reanimator (level 7, -2/46 HPs)
             Began as a Demonspawn Necromancer on Nov 2, 2021.
             Killed by nerve-wracking pain
             ... invoked by Menkaure
              (12 damage)
             ... on level 5 of the Dungeon.
             The game lasted 00:11:30 (7125 turns).

ytrimaz the Reanimator (Demonspawn Necromancer)     Turns: 7125, Time: 00:11:30

Health: -2/46      AC:  5    Str:  8    XL:     7   Next: 76%
Magic:  14/15      EV: 12    Int: 19    God:
Gold:   276        SH:  4    Dex: 13    Spells: 9/17 levels left

rFire   . . .      SeeInvis .   n - +1 short sword (drain)
rCold   . . .      Faith    .   (no shield)
rNeg    . . .      Spirit   .   a - +0 robe
rPois   .          Reflect  .   u - +1 hat
rElec   .          Harm     .   (no cloak)
rCorr   .          Rampage  .   (no gloves)
Will    .....                   (no boots)
Stlth   ++........              (no amulet)
HPRegen 0.15/turn               h - ring of wizardry
MPRegen 0.14/turn               (no ring)

@: no status effects
A: hooves 1, slimy green scales 1, powered by pain 1, condensation shield
a: no special abilities


You were on level 5 of the Dungeon.
You visited 1 branch of the dungeon, and saw 5 of its levels.

You collected 276 gold pieces.

Inventory:

Hand Weapons
 b - a +0 dagger
 e - a +1 hand axe of venom
 n - a +1 short sword of draining (weapon)
Missiles
 k - a throwing net
Armour
 a - a +0 robe (worn)
 u - a +1 hat (worn)
Jewellery
 h - a ring of wizardry (left hand)
 l - a ring of ice
Wands
 p - a wand of acid (3)
Scrolls
 q - a scroll of amnesia
 s - a scroll of vulnerability {unknown}
Potions
 c - 3 potions of haste {unknown}
 d - a potion of cancellation {unknown}
 f - a potion of invisibility {unknown}
 g - 3 potions of might {unknown}
 j - a potion of mutation {unknown}
 t - a potion of curing {unknown}


   Skills:
 - Level 2.2 Dodging
 - Level 1.7 Stealth
 - Level 0.2 Shields
 + Level 5.8 Spellcasting
 + Level 8.1 Necromancy
 * Level 0.3 Ice Magic


You had 9 spell levels left.
You knew the following spells:

 Your Spells              Type           Power      Damage    Failure   Level
a - Pain                  Necr           100%       1d9       1%          1
b - Vampiric Draining     Necr           36%        2d8       1%          3
c - Hailstorm             Conj/Ice       6%         3d4       38%         4

Your spell library contained the following spells:

 Spells                   Type           Power      Damage    Failure   Level
 Animate Skeleton         Necr           72%        N/A       1%          1
 Animate Dead             Necr           18%        N/A       1%          4
 Apportation              Tloc           10%        N/A       4%          1
 Freeze                   Ice            28%        1d5       4%          1
 Summon Small Mammal      Summ           20%        N/A       4%          1
 Agony                    Necr           36%        N/A       4%          5
 Scorch                   Fire           10%        2d6       7%          2
 Frozen Ramparts          Ice            14%        1d3       12%         3
 Flame Wave               Conj/Fire      5%         3d4       41%         4
 Conjure Ball Lightning   Conj/Air       2%         3x3d6     99%         6
 Summon Cactus Giant      Summ           2%         N/A       99%         6
 Discord                  Hex            2%         N/A       100%        8
 Disjunction              Tloc           2%         N/A       100%        8


Dungeon Overview and Level Annotations

Branches:
Dungeon (5/15)
 Temple: D:4-7

Altars:
Okawaru
Trog
Vehumet
The Shining One

Annotations:
D:5 1 runed translucent door, Menkaure; flotson's ghost, weakling DsDe


Innate Abilities, Weirdness & Mutations

You have large cloven feet.
You are partially covered in slimy green scales. (AC +2)
You sometimes gain a little power by taking damage.
A meltable shield of frost defends you. (SH +4)


Message History

You draw life force from the hound!
You kill the hound!
You feel life coursing into your body.
You are too injured to fight recklessly!
You are too injured to fight recklessly!
You are too injured to fight recklessly!
Casting: Vampiric Draining (safe; 1% risk of failure)
Confirm with . or Enter, or press ? or * to list all spells.
Aiming: Pain (safe; 1% risk of failure)
Press: ? - help, Shift-Dir - straight line, f - orc priest
Aim: an orc priest, wielding a +0 dagger (chance to affect: 84%)
The orc priest writhes in agony!
Casting: Pain (safe; 1% risk of failure)
Confirm with . or Enter, or press ? or * to list all spells.
Okay, then.
You start resting.
An orc priest is nearby!
Casting: Pain (safe; 1% risk of failure)
Confirm with . or Enter, or press ? or * to list all spells.
Aiming: Pain (safe; 1% risk of failure)
Press: ? - help, Shift-Dir - straight line, f/p - orc priest
Aim: an orc priest, wielding a +0 dagger (heavily wounded, chance to affect: 84%)
The orc priest writhes in agony.
Casting: Pain (safe; 1% risk of failure)
Confirm with . or Enter, or press ? or * to list all spells.
Aiming: Pain (safe; 1% risk of failure)
Press: ? - help, Shift-Dir - straight line, f/p - orc priest
Aim: an orc priest, wielding a +0 dagger (almost dead, chance to affect: 84%)
The orc priest writhes in agony.
You kill the orc priest!
Unknown command.
Unknown command.
Menkaure casts a spell.
Menkaure seems to speed up.
Menkaure gestures at you while chanting.
Pain shoots through your body!
* * * LOW HITPOINT WARNING * * *
Menkaure casts a spell at you. Pain shoots through your body!
You die...

##...## ##.## # #. #
##...## #..##.######
#.#...## ##........#
#....## ##.........#
####..##
#..........M. ##.M##
#...........#.
##..####............#
###..#.............#
##..@............#
##.............##
##...........##
#...........#
#.......#...#####
#......##....##<##
#...##...........#
########..........
##....M....


You could see Menkaure (fast).

Vanquished Creatures
  An acid dragon (D:5)
  Edmund (D:4)
  An ice beast (D:5)
  A necrophage (D:4)
  An ogre (D:4)
  A phantom (D:5)
  A hound (D:5)
  An orc priest (D:5)
  A bullfrog skeleton (D:5)
  8 adders
  3 gnolls (D:3)
  An ufetubus (D:4)
  4 worms
  3 dart slugs
  5 orcs
  13 ball pythons
  10 endoplasms
  2 giant cockroaches (D:2)
  3 goblins
  11 hobgoblins
  3 jackals (D:1)
  6 quokkas
  3 bats
  A frilled lizard (D:1)
  7 kobolds
  3 rats
95 creatures vanquished.

Notes
Turn   | Place    | Note
-------+----------+-------------------------------------------
     0 | D:1      | ytrimaz the Demonspawn Necromancer began the quest for the
                  | Orb.
     0 | D:1      | Reached XP level 1. HP: 13/13 MP: 3/3
   691 | D:1      | Found a faded altar of an unknown god.
   697 | D:1      | Gained mutation: You sometimes gain a little power by
                  | taking damage. [demonic ancestry]
   697 | D:1      | Reached XP level 2. HP: 15/19 MP: 0/5
  1443 | D:1      | Reached skill level 5 in Necromancy
  1769 | D:2      | Reached XP level 3. HP: 20/24 MP: 2/6
  1948 | D:2      | Learned a level 3 spell: Vampiric Draining
  2071 | D:2      | HP: 1/36 [poisoned by an adder]
  2502 | D:2      | Reached XP level 4. HP: 28/30 MP: 5/8
  3325 | D:3      | Found a radiant altar of Vehumet.
  3730 | D:3      | Gained mutation: A meltable shield of frost defends you.
                  | (SH +4) [demonic ancestry]
  3730 | D:3      | Reached XP level 5. HP: 23/35 MP: 1/10
  3956 | D:3      | Reached skill level 6 in Necromancy
  4721 | D:4      | Found an iron altar of Okawaru.
  4902 | D:4      | Found a bloodstained altar of Trog.
  4951 | D:4      | Noticed Edmund
  4966 | D:4      | Killed Edmund
  4967 | D:4      | Gained mutation: You have large cloven feet. [demonic
                  | ancestry]
  4967 | D:4      | Reached XP level 6. HP: 28/41 MP: 1/12
  5325 | D:4      | Reached skill level 7 in Necromancy
  5757 | D:5      | Entered Level 5 of the Dungeon
  5899 | D:5      | Noticed Menkaure
  6159 | D:4      | Learned a level 4 spell: Hailstorm
  6172 | D:5      | Gained mutation: You are partially covered in slimy green
                  | scales. (AC +2) [demonic ancestry]
  6172 | D:5      | Reached XP level 7. HP: 35/46 MP: 14/14
  6320 | D:5      | Reached skill level 5 in Spellcasting
  6471 | D:5      | Found a runed translucent door.
  6472 | D:5      | Noticed flotson's ghost (weakling DsDe)
  6940 | D:5      | Reached skill level 8 in Necromancy
  7125 | D:5      | Killed from afar by Menkaure

Illustrated notes

Levels and vault maps discovered:
D:1:      dpeg_arrival_windows_large_door, layout_basic,
          hellmonk_ecumenical_altar_arch_garden, minmay_fountain_box,
          chequers_avenue, minmay_pentomino_p2
D:2:      wad_river_or_something, layout_rooms, nicolae_underground_beach
D:3:      layout_basic, nicolae_vehumet_altar_sigil,
          minmay_misc_feat_nine_boxes, chequers_decorated_corner,
          minmay_ruptured
D:4:      layout_basic, lemuel_tele_altar, kennysheep_little_box, uniq_edmund
D:5:      layout_cave_pods, nicolae_tso_carved_into_rock, gammafunk_ghost_grave,
          hangedman_glass_teeth, uniq_menkaure

Skill      XL: |  1  2  3  4  5  6  7 |
---------------+----------------------+-----
Necromancy     | 5 6 7 8 |  8.1
Dodging        | 2 |  2.2
Spellcasting   | 3 4 5 |  5.8
Stealth        | |  1.7
Shields        | |  0.2
Ice Magic      | |  0.3

Action                   |  1- 3 |  4- 6 |  7- 9 || total
-------------------------+-------+-------+-------++-------
Melee: Dagger            |    37 |    29 |       ||    66
       Unarmed           |     6 |       |       ||     6
       Hand axe          |       |     8 |       ||     8
       Short sword       |       |    48 |     8 ||    56
       Kick              |       |     6 |     1 ||     7
 Cast: Pain              |    62 |   102 |    13 ||   177
       Vampiric Draining |     1 |     8 |     7 ||    16
Evoke: Wand              |       |       |     3 ||     3
  Use: Scroll            |     2 |     6 |       ||     8
       Potion            |     2 |     1 |       ||     3
 Stab: Sleeping          |     1 |     2 |       ||     3
Armor: Robe              |     6 |    14 |     6 ||    26
Dodge: Dodged            |    40 |    74 |    14 ||   128
Block: Other             |       |     8 |     1 ||     9

Table legend: (Time is in decaauts)
 A = Elapsed time spent in this place.
 B = Non-inter-level travel time spent in this place.
 C = Inter-level travel time spent in this place.
 D = Time resting spent in this place.
 E = Time spent auto-exploring this place.
 F = Levels seen in this place.
 G = Mean time per level.
                   A        B        C        D        E       F      G
               +--------+--------+--------+--------+--------+-----+--------+
         Total |   7145 |   6979 |    166 |   2357 |   3703 |   5 | 1429.0 |
       Dungeon |   7145 |   6979 |    166 |   2357 |   3703 |   5 | 1429.0 |
               +--------+--------+--------+--------+--------+-----+--------+

Top non-repeatable levels by time:
     D:1: 1737 daAuts
     D:4: 1547 daAuts
     D:2: 1544 daAuts
     D:3: 1336 daAuts
     D:5: 980 daAuts
